 Dungeon Crawl Stone Soup version 0.30-a0-639-g3916f1956a (webtiles) character file.

Game seed: 3728250829501565607

128 berto the Blocker (level 5, -1/37 HPs)
             Began as a Gnoll Wanderer on Jan 16, 2023.
             Slain by an orc
             ... wielding a +0 mace
              (6 damage)
             ... on level 6 of the Dungeon.
             The game lasted 00:05:31 (2985 turns).

berto the Blocker (Gnoll Wanderer)                  Turns: 2985, Time: 00:05:31

Health: -1/37      AC:  3    Str: 10    XL:     5   Next: 11%
Magic:  7/7        EV: 11    Int:  9    God:
Gold:   117        SH:  6    Dex: 17    Spells: 6/6 levels left

rFire   . . .      SeeInvis .    a - +2 short sword
rCold   . . .      Faith    .    c - +0 buckler
rNeg    . . .      Spirit   .    n - +0 leather armour
rPois   .          Reflect  .    (no helmet)
rElec   .          Harm     .    (no cloak)
rCorr   .          Rampage  .    (no gloves)
Will    .....                    (no boots)
Stlth   ++                       (no amulet)
HPRegen 0.26/turn                (no ring)
MPRegen 0.10/turn                (no ring)

@: no status effects
A: fangs 1, strong nose, distributed training
a: no special abilities


You were on level 6 of the Dungeon.
You visited 1 branch of the dungeon, and saw 4 of its levels.

You collected 117 gold pieces.

Inventory:

Hand Weapons
 a - a +2 short sword (weapon)
 i - a +0 sling
 q - a +0 whip
Missiles
 j - 23 stones (quivered)
 k - 5 poisoned darts
Armour
 c - a +0 buckler (worn)
 e - a +0 robe
 n - a +0 leather armour (worn)
Jewellery
 g - an amulet of reflection
Scrolls
 f - 2 scrolls of fog {unknown}
 l - 2 scrolls of identify {unknown}
 m - 3 scrolls of fear {unknown}
 o - a scroll of poison {unknown}
 s - a scroll of magic mapping {unknown}
 t - a scroll of brand weapon {unknown}
 u - a scroll of silence {unknown}
Potions
 b - a potion of attraction
 d - a potion of curing
 h - a potion of magic {unknown}
 p - a potion of berserk rage {unknown}
 r - a potion of ambrosia {unknown}
 v - a potion of heal wounds {unknown}
 w - a potion of mutation {unknown}


   Skills:
 + Level 1.4 Fighting
 + Level 8.6 Short Blades
 + Level 1.4 Long Blades
 + Level 1.4 Axes
 + Level 1.4 Maces & Flails
 + Level 1.4 Polearms
 + Level 1.4 Staves
 + Level 1.4 Ranged Weapons
 + Level 1.4 Throwing
 + Level 1.4 Armour
 + Level 1.4 Dodging
 + Level 2.7 Stealth
 + Level 8.6 Shields
 + Level 2.9 Unarmed Combat
 + Level 1.4 Spellcasting
 + Level 1.1 Conjurations
 + Level 1.1 Hexes
 + Level 1.1 Summonings
 + Level 1.1 Necromancy
 + Level 1.1 Translocations
 + Level 1.1 Transmutations
 + Level 1.1 Fire Magic
 + Level 1.1 Ice Magic
 + Level 1.1 Air Magic
 + Level 1.1 Earth Magic
 + Level 1.1 Poison Magic
 + Level 1.6 Invocations
 + Level 1.4 Evocations


You had 6 spell levels left.
You didn't know any spells.
Your spell library was empty.

Dungeon Overview and Level Annotations

Branches:
Dungeon (3/15)

Altars:
Ru


Innate Abilities, Weirdness & Mutations

You have very sharp teeth.
Your uncanny sense of smell can sniff out nearby items.
Your experience applies equally to all skills.


Message History

You hear a shout! x2
Found a sacrificial altar of Ru.
A black bear comes into view.
The orc shouts!
The orc wizard gestures at you while chanting.
You are confused.
Something hits you. Something hits you.
An orc comes into view. It is wielding a +0 short sword.
The orc shouts!
You hear some strange, mumbled words.
Something tries to affect you, but you resist.
The orc wizard points at you and mumbles some strange words.
The magic dart hits you!
You hit the orc but do no damage. You miss something. Something hits you.
You bump into the rock wall.
An orc comes into view. It is wielding a +0 mace.
You feel less confused.
The black bear growls angrily.
The orc wizard gestures at you while chanting.
The magic dart hits you. Something completely misses you.
The scorpion enters a dispersal trap!
The black bear blinks!
The orc wizard blinks!
The orc blinks!
The orc wizard blinks! x2; You blink.
You block the orc's attack. Something hits you but does no damage.
The orc attacks as you move away! The orc closely misses you.
The orc hits you but does no damage.
You open the door. The orc hits you with a +0 mace.
The orc hits you with a +0 club. The orc hits you with a +0 club.
There is an open door, spattered with blood here.
The orc attacks as you move away! The orc hits you with a +0 club.
* * * LOW HITPOINT WARNING * * *
The orc attacks as you move away! The orc hits you with a +0 mace.
* * * LOW HITPOINT WARNING * * *
The orc attacks as you move away! The orc completely misses you.
There is an open door here.
The orc attacks as you move away! The orc closely misses you.
The orc attacks as you move away! The orc hits you with a +0 mace.
You die...

+..........#..~...~
#.........#...~._.~
#..........#..~...~
#....##'#...#..~~~.
#....#..#....######
#....'o.#..........
#...o#..#......#.ยง.
#..o.#..o.o....#...
#.@..####......#+##
........####.....####
........# #.....#
........# #.....#
........# #.....#
........# #.....#
........# #.....#
........# #.....#
#######


You could see 3 orcs.

Vanquished Creatures
  An orc priest (D:1)
  An orc wizard (D:1)
  3 adders
  2 orcs (D:1)
  2 ball pythons (D:1)
  4 bats
  2 giant cockroaches (D:1)
  13 goblins
  4 hobgoblins
  3 kobolds
  A quokka (D:1)
  4 frilled lizards
40 creatures vanquished.

Notes
Turn   | Place    | Note
-------+----------+-------------------------------------------
     0 | D:1      | berto the Gnoll Wanderer began the quest for the Orb.
     0 | D:1      | berto set off with the following items: a +2 short sword, a
                  | potion of attraction, a +0 buckler, a potion of curing, a
                  | +0 robe.
     0 | D:1      | Reached XP level 1. HP: 13/13 MP: 1/1
   589 | D:1      | Reached XP level 2. HP: 19/19 MP: 2/2
  1248 | D:1      | Reached skill level 1 in Invocations
  1248 | D:1      | Reached XP level 3. HP: 14/25 MP: 2/4
  1255 | D:1      | Reached skill level 1 in Fighting
  1255 | D:1      | Reached skill level 1 in Long Blades
  1255 | D:1      | Reached skill level 1 in Axes
  1255 | D:1      | Reached skill level 1 in Maces & Flails
  1255 | D:1      | Reached skill level 1 in Polearms
  1255 | D:1      | Reached skill level 1 in Staves
  1255 | D:1      | Reached skill level 1 in Ranged Weapons
  1255 | D:1      | Reached skill level 1 in Throwing
  1255 | D:1      | Reached skill level 1 in Armour
  1255 | D:1      | Reached skill level 1 in Dodging
  1255 | D:1      | Reached skill level 1 in Spellcasting
  1255 | D:1      | Reached skill level 1 in Evocations
  1255 | D:1      | Reached XP level 4. HP: 20/32 MP: 2/5
  1497 | D:2      | Noticed Robin
  1676 | D:2      | Reached skill level 1 in Conjurations
  1676 | D:2      | Reached skill level 1 in Hexes
  1676 | D:2      | Reached skill level 1 in Summonings
  1676 | D:2      | Reached skill level 1 in Necromancy
  1676 | D:2      | Reached skill level 1 in Translocations
  1676 | D:2      | Reached skill level 1 in Transmutations
  1676 | D:2      | Reached skill level 1 in Fire Magic
  1676 | D:2      | Reached skill level 1 in Ice Magic
  1676 | D:2      | Reached skill level 1 in Air Magic
  1676 | D:2      | Reached skill level 1 in Earth Magic
  1676 | D:2      | Reached skill level 1 in Poison Magic
  2307 | D:2      | Identified the +8 whip of the Hated {heavy, rCorr Int-4
                  | Dex+3}
  2330 | D:1      | Reached XP level 5. HP: 37/37 MP: 7/7
  2942 | D:3      | You fall into a shaft and drop 3 floors!
  2953 | D:6      | Found a sacrificial altar of Ru.
  2956 | D:6      | Noticed a black bear
  2985 | D:6      | Slain by an orc

Illustrated notes

Levels and vault maps discovered:
D:1:      nicolae_arrival_washed_ashore, layout_loops_corners, minmay_quantized
D:2:      layout_rooms, serial_glass, glass_columns_c, glass_columns_a,
          glass_columns_a, glass_columns_b, glass_columns_a, glass_columns_c,
          glass_columns_b, glass_columns_a, uniq_robin
D:3:      layout_loops_ring, kennysheep_slug_shrine, serial_shops,
          nicolae_shop_window_shopping,
          dreamdust_ecumenical_altar_drowned_temple
D:6:      layout_gridville, grunt_temple_overflow_gold_and_silver,
          nicolae_ru_awakened_eye

Skill      XL: |  1  2  3  4 |
---------------+-------------+-----
Invocations    | 1 |  1.6
Fighting       | 1 |  1.4
Long Blades    | 1 |  1.4
Axes           | 1 |  1.4
Maces & Flails | 1 |  1.4
Polearms       | 1 |  1.4
Staves         | 1 |  1.4
Ranged Weapons | 1 |  1.4
Throwing       | 1 |  1.4
Armour         | 1 |  1.4
Dodging        | 1 |  1.4
Spellcasting   | 1 |  1.4
Evocations     | 1 |  1.4
Conjurations   | 1 |  1.1
Hexes          | 1 |  1.1
Summonings     | 1 |  1.1
Necromancy     | 1 |  1.1
Translocations | 1 |  1.1
Transmutations | 1 |  1.1
Fire Magic     | 1 |  1.1
Ice Magic      | 1 |  1.1
Air Magic      | 1 |  1.1
Earth Magic    | 1 |  1.1
Poison Magic   | 1 |  1.1
Short Blades   | |  8.6
Stealth        | |  2.7
Shields        | |  8.6
Unarmed Combat | |  2.9

Action                   |  1- 3 |  4- 6 || total
-------------------------+-------+-------++-------
Melee: Short sword       |    43 |    76 ||   119
       Bite              |     1 |     4 ||     5
 Fire: Sling             |     4 |       ||     4
  Use: Potion            |     2 |       ||     2
 Stab: Sleeping          |     2 |     1 ||     3
Armor: Robe              |     3 |     5 ||     8
       Skin              |    15 |     1 ||    16
       Leather armour    |       |     9 ||     9
Dodge: Dodged            |    12 |    35 ||    47
Block: Buckler           |    11 |    18 ||    29

Table legend: (Time is in decaauts)
 A = Elapsed time spent in this place.
 B = Non-inter-level travel time spent in this place.
 C = Inter-level travel time spent in this place.
 D = Time resting spent in this place.
 E = Time spent auto-exploring this place.
 F = Levels seen in this place.
 G = Mean time per level.
                   A        B        C        D        E       F      G
               +--------+--------+--------+--------+--------+-----+--------+
         Total |   2942 |   2732 |    210 |    895 |   1332 |   4 |  735.5 |
       Dungeon |   2942 |   2732 |    210 |    895 |   1332 |   4 |  735.5 |
               +--------+--------+--------+--------+--------+-----+--------+

Top non-repeatable levels by time:
     D:1: 1832 daAuts
     D:2: 845 daAuts
     D:3: 222 daAuts
     D:6: 42 daAuts
